AoeStats
← andresffelipe20

Oasis

509475096Analyzed
2v2 RM · 4d ago on Sep 26, 2026· 46m 50s· 4 players
Game mode
Random Map
Map size
Medium (4 player)
Population
200
Speed
Normal
Resources
Standard
Victory
Conquest
Starting age
Dark Age
Ending age
Imperial Age
RankedLock teamsTeams togetherTeam positionsShared explorationLock speedFull tech treeHidden civsTurbo modeCheats
Victory
Defeat
🇦🇺 Dravidians · Australia
1185
+14
🇨🇴 Burmese · Colombia
1094
+19
🇳🇿 Bengalis · New Zealand
1156
-17
🇬🇧 Italians · United Kingdom
1132
-16
Bubbs
13:14 Feudal Age
11:35 Loom
14:18 Town Watch
15:08 Wheelbarrow
17:58 Double-Bit Axe
21:54 Fletching
22:05 Padded Archer Armor
25:38 Castle Age
26:36 Bodkin Arrow
26:56 Leather Archer Armor
26:11 Crossbowman
26:57 Thumb Ring
28:55 Ballistics
28:45 Masonry
28:56 Gold Mining
28:57 Stone Mining
32:30 Silk Road
32:53 Guard Tower
32:59 Murder Holes
34:49 Silk Road
34:22 Treadmill Crane
40:01 Imperial Age
40:20 Squires
40:06 Arson
40:29 Scale Mail Armor
40:40 Forging
41:27 Chain Mail Armor
42:52 Chemistry
41:38 Arbalester
WILL.I.AM
7:36 Loom
10:06 Feudal Age
10:44 Double-Bit Axe
11:16 Town Watch
13:06 Horse Collar
18:22 Fletching
18:38 Scale Barding Armor
22:03 Wheelbarrow
23:40 Castle Age
22:40 Gold Mining
24:49 Bodkin Arrow
29:31 Padded Archer Armor
34:11 Bow Saw
35:25 Paiks
36:23 Heavy Plow
37:14 Wheelbarrow
38:08 Town Watch
41:13 Imperial Age
39:20 Forging
39:31 Husbandry
40:33 Bloodlines
39:43 Light Cavalry
40:00 Light Cavalry
41:33 Chain Barding Armor
41:51 Iron Casting
42:03 Bracer
44:01 Chemistry
43:19 Leather Archer Armor
45:13 Conscription
45:39 Ring Archer Armor
45:35 Ballistics
andresffelipe20
5:01 Loom
10:41 Feudal Age
11:59 Town Watch
20:33 Horse Collar
24:15 Stone Mining
24:19 Gold Mining
29:14 Castle Age
29:44 Forging
34:27 Wheelbarrow
34:23 Bloodlines
36:29 Gold Shaft Mining
36:40 Fervor
38:50 Sanctity
38:41 Redemption
38:31 Devotion
39:44 Heavy Plow
LiamJ5500
7:52 Loom
11:04 Feudal Age
12:39 Double-Bit Axe
12:37 Horse Collar
13:13 Scale Barding Armor
13:19 Forging
17:36 Fletching
17:48 Padded Archer Armor
22:42 Castle Age
23:02 Wheelbarrow
22:44 Gold Mining
23:39 Bodkin Arrow
25:04 Bow Saw
24:58 Heavy Plow
25:15 Husbandry
27:16 Leather Archer Armor
28:51 Ballistics
29:03 Thumb Ring
35:44 Imperial Age
34:24 Elite Skirmisher
37:37 Chemistry
36:04 Elite Elephant Archer
36:59 Bracer
39:03 Conscription
40:07 Ring Archer Armor
40:41 Light Cavalry
41:44 Chain Barding Armor
Connection lost

Rejoining the realm…

Still unreachable

The connection could not be restored.

Session expired

The server has moved on; the page needs a fresh start.